AoeStats
← fabrycyo400

Arena

508984907Analyzed
1v1 RM · 9d ago on Sep 24, 2026· 36m 8s· 2 players
Game mode
Random Map
Map size
Tiny (2 player)
Population
200
Speed
Normal
Resources
Standard
Victory
Conquest
Starting age
Dark Age
Ending age
Imperial Age
RankedLock teamsTeams togetherTeam positionsShared explorationLock speedFull tech treeHidden civsTurbo modeCheats
Victory
Defeat
🇨🇳 Celts · China
443
+13
🇧🇷 Lithuanians · Brazil
385
-13
fabrycyo400
8:30 Feudal Age
9:55 Wheelbarrow
14:19 Double-Bit Axe
21:22 Castle Age
23:46 Bow Saw
30:22 Stone Mining
30:24 Gold Mining
33:25 Stone Shaft Mining
34:53 Hand Cart
35:41 Scale Barding Armor
35:37 Scale Mail Armor
35:47 Forging
Kanata
4:22 Loom
11:22 Feudal Age
11:54 Double-Bit Axe
11:52 Horse Collar
19:24 Castle Age
20:37 Heavy Plow
20:58 Bow Saw
20:18 Pikeman
20:20 Man-at-Arms
21:06 Scale Mail Armor
21:17 Forging
21:23 Stone Mining
22:57 Chain Mail Armor
26:53 Wheelbarrow
27:27 Long Swordsman
27:53 Gambesons
29:29 Hand Cart
30:43 Iron Casting
31:45 Stronghold
37:17 Imperial Age
Connection lost

Rejoining the realm…

Still unreachable

The connection could not be restored.

Session expired

The server has moved on; the page needs a fresh start.